2835 views
Uploaded 2019-12-18 00:22:44
Game version 1.32.0.4
22:02 long 4on4 ladder game on (8)Deadlock_LV
Saved by BEARAND
2835 views
Uploaded 2019-12-18 00:22:44
Game version 1.32.0.4
22:02 long 4on4 ladder game on (8)Deadlock_LV


125 units @ 19.6k
/ 3k
71 buildings @ 12.3k
/ 5.8k

| Healing Salve | 1 | 100 |
| Scroll of Speed | 1 | 50 |
| total: | 2 | 150g |
| Peon | 14 | 1050 | / | 0 |
| Grunt | 6 | 1200 | / | 0 |
| Tauren | 5 | 1400 | / | 400 |
| Shaman | 6 | 780 | / | 120 |
| Troll Witch Doctor | 1 | 145 | / | 25 |
| total: | 32 | 4575g | / | 545w |
| Watch Tower | 1 | 110 | / | 80 |
| Altar of Storms | 1 | 180 | / | 50 |
| Orc Burrow | 8 | 1280 | / | 320 |
| Barracks | 1 | 180 | / | 50 |
| War Mill | 1 | 205 | / | 0 |
| Voodoo Lounge | 1 | 130 | / | 30 |
| Great Hall | 1 | 385 | / | 185 |
| Tauren Totem | 2 | 270 | / | 310 |
| Spirit Lodge | 1 | 150 | / | 150 |
| Stronghold | 1 | 315 | / | 190 |
| Fortress | 1 | 325 | / | 190 |
| total: | 17 | 2890g | / | 1175w |
| 0:05 | Altar of Storms |
| 0:08 | Orc Burrow |
| 0:09 | Peon |
| 0:09 | Peon |
| 0:53 | Peon |
| 0:53 | Peon |
| 0:53 | Peon |
| 0:53 | Peon |
| 0:54 | Peon |
| 1:05 | Barracks |
| 1:22 | Peon |
| 1:49 | War Mill |
| 2:07 | Orc Burrow |
| 2:08 | Grunt |
| 2:20 | War Stomp |
| 2:33 | Grunt |
| 3:22 | Grunt |
| 3:22 | Grunt |
| 3:24 | Stronghold |
| 3:41 | Orc Burrow |
| 3:55 | Grunt |
| 5:00 | Orc Burrow |
| 5:07 | Grunt |
| 5:20 | Voodoo Lounge |
| 5:57 | Endurance Aura |
| 6:24 | Watch Tower |
| 6:25 | Fortress |
| 6:47 | Great Hall |
| 6:53 | Healing Salve |
| 7:46 | Endurance Aura |
| 8:21 | Tauren Totem |
| 8:32 | Spirit Lodge |
| 8:39 | Scroll of Speed |
| 9:02 | Peon |
| 9:10 | Tauren Totem |
| 9:49 | Pulverize |
| 9:53 | Shaman Adept Training |
| 9:57 | Orc Burrow |
| 10:03 | Peon |
| 10:03 | Peon |
| 10:03 | Peon |
| 10:11 | Peon |
| 10:11 | Peon |
| 10:15 | Tauren |
| 11:06 | Shaman Master Training |
| 11:06 | Shaman |
| 11:06 | Shaman |
| 11:30 | Tauren |
| 12:09 | War Stomp |
| 12:25 | Shaman |
| 12:27 | Tauren |
| 12:33 | Tauren |
| 12:37 | Steel Melee Weapons |
| 12:41 | Steel Armor |
| 12:53 | Shaman |
| 14:24 | Shaman |
| 14:28 | Tauren |
| 14:54 | Thorium Melee Weapons |
| 16:35 | Arcanite Melee Weapons |
| 17:02 | Spirit Walker Adept Training |
| 17:06 | Witch Doctor Adept Training |
| 17:15 | Thorium Armor |
| 17:35 | Endurance Aura |
| 18:30 | Reincarnation |
| 19:12 | Spirit Walker Master Training |
| 19:20 | Witch Doctor Master Training |
| 20:05 | Troll Witch Doctor |
| 20:35 | War Stomp |
| 21:37 | Shockwave |
| 21:47 | Shaman |
| 21:51 | Orc Burrow |
| 21:51 | Orc Burrow |
| 21:52 | Orc Burrow |
| Right click | 395 |
| Select group | 231 |
| Select | 229 |
| Misc. action | 77 |
| Build/train/purchase | 68 |
| Chat | 29 |
| Assign group | 12 |
| Use ability | 10 |
| Remove unit | 5 |
| Minimap ping | 5 |
| Resource trade | 5 |

| Orb of Venom | 1 | 325 |
| Scroll of Town Portal | 2 | 700 |
| Boots of Speed | 1 | 250 |
| Boots of Quel'Thalas +6 | 1 | 400 |
| total: | 5 | 1675g |
| Wisp | 23 | 1380 | / | 0 |
| Archer | 7 | 910 | / | 70 |
| Chimaera | 9 | 2970 | / | 630 |
| total: | 39 | 5260g | / | 700w |
| Altar of Elders | 1 | 180 | / | 50 |
| Moon Well | 7 | 1260 | / | 280 |
| Ancient of War | 1 | 150 | / | 60 |
| Tree of Life | 3 | 1020 | / | 555 |
| Hunter's Hall | 1 | 210 | / | 100 |
| Ancient of Wonders | 1 | 90 | / | 30 |
| Chimaera Roost | 3 | 420 | / | 570 |
| Tree of Ages | 1 | 320 | / | 180 |
| Tree of Eternity | 1 | 330 | / | 200 |
| total: | 17 | 3330g | / | 1645w |
| 0:02 | Wisp |
| 0:02 | Wisp |
| 0:08 | Altar of Elders |
| 0:10 | Wisp |
| 0:17 | Moon Well |
| 0:22 | Wisp |
| 1:00 | Ancient of War |
| 1:03 | Wisp |
| 1:14 | Wisp |
| 1:25 | Wisp |
| 1:38 | Wisp |
| 1:46 | Wisp |
| 2:00 | Moon Well |
| 2:02 | Archer |
| 2:12 | Evasion |
| 2:40 | Tree of Ages |
| 3:08 | Archer |
| 3:28 | Archer |
| 3:38 | Moon Well |
| 3:43 | Archer |
| 4:10 | Archer |
| 4:23 | Mana Burn |
| 4:23 | Archer |
| 4:43 | Moon Well |
| 5:01 | Tree of Eternity |
| 5:08 | Tree of Life |
| 5:35 | Improved Bows |
| 6:27 | Mana Burn |
| 7:16 | Archer |
| 7:36 | Chimaera Roost |
| 7:38 | Chimaera Roost |
| 7:42 | Chimaera Roost |
| 7:43 | Wisp |
| 7:43 | Wisp |
| 7:44 | Wisp |
| 7:59 | Hunter's Hall |
| 8:02 | Moon Well |
| 8:33 | Ancient of Wonders |
| 8:52 | Boots of Speed |
| 8:54 | Scroll of Town Portal |
| 9:06 | Corrosive Breath |
| 9:07 | Chimaera |
| 9:08 | Chimaera |
| 9:17 | Evasion |
| 9:49 | Moon Well |
| 9:50 | Moon Well |
| 10:04 | Boots of Quel'Thalas +6 |
| 10:34 | Chimaera |
| 11:14 | Chimaera |
| 11:27 | Strength of the Wild |
| 12:49 | Mana Burn |
| 12:54 | Chimaera |
| 13:55 | Chimaera |
| 14:36 | Wisp |
| 14:47 | Improved Strength of the Wild |
| 15:29 | Tree of Life |
| 15:44 | Tree of Life |
| 16:03 | Advanced Strength of the Wild |
| 17:54 | Wisp |
| 17:54 | Wisp |
| 17:54 | Wisp |
| 17:55 | Wisp |
| 17:56 | Wisp |
| 18:05 | Metamorphosis |
| 18:09 | Wisp |
| 18:10 | Wisp |
| 18:10 | Wisp |
| 18:10 | Wisp |
| 18:10 | Wisp |
| 18:28 | Chimaera |
| 18:54 | Evasion |
| 19:05 | Reinforced Hides |
| 19:19 | Scroll of Town Portal |
| 19:22 | Orb of Venom |
| 19:55 | Immolation |
| 20:14 | Chimaera |
| 21:18 | Chimaera |
| 21:22 | Improved Reinforced Hides |
| Right click | 1137 |
| Select group | 420 |
| Select | 295 |
| Chat | 207 |
| Misc. action | 109 |
| Build/train/purchase | 65 |
| Assign group | 26 |
| Use ability | 18 |
| Minimap ping | 7 |
| Resource trade | 5 |
| Item give/drop | 3 |

| Sacrificial Skull | 2 | 100 |
| Rod of Necromancy | 1 | 150 |
| Lesser Clarity Potion | 2 | 140 |
| Potion of Healing | 1 | 150 |
| Potion of Mana | 1 | 200 |
| Orb of Corruption | 1 | 375 |
| Scroll of Healing | 1 | 250 |
| Scroll of Speed | 1 | 50 |
| Runed Bracers | 1 | 400 |
| Robe of the Magi +6 | 1 | 400 |
| total: | 12 | 2215g |
| Acolyte | 7 | 525 | / | 0 |
| Ghoul | 12 | 1440 | / | 0 |
| Frost Wyrm | 5 | 1925 | / | 600 |
| total: | 24 | 3890g | / | 600w |
| Nerubian Tower | 2 | 200 | / | 40 |
| Crypt | 1 | 200 | / | 50 |
| Ziggurat | 9 | 1350 | / | 450 |
| Altar of Darkness | 1 | 180 | / | 50 |
| Tomb of Relics | 1 | 130 | / | 30 |
| Graveyard | 1 | 215 | / | 0 |
| Sacrificial Pit | 1 | 75 | / | 150 |
| Boneyard | 5 | 875 | / | 1000 |
| Halls of the Dead | 2 | 640 | / | 420 |
| Black Citadel | 1 | 325 | / | 230 |
| total: | 19 | 3025g | / | 1730w |
| 0:07 | Acolyte |
| 0:10 | Crypt |
| 0:13 | Ziggurat |
| 0:16 | Acolyte |
| 0:48 | Altar of Darkness |
| 0:52 | Acolyte |
| 1:16 | Ghoul |
| 1:16 | Ghoul |
| 1:37 | Ghoul |
| 1:41 | Ziggurat |
| 2:00 | Tomb of Relics |
| 2:02 | Ghoul |
| 2:16 | Ziggurat |
| 2:29 | Ghoul |
| 2:54 | Sleep |
| 3:06 | Ghoul |
| 3:06 | Ghoul |
| 3:14 | Ghoul |
| 3:43 | Sacrificial Skull |
| 3:43 | Sacrificial Skull |
| 3:44 | Rod of Necromancy |
| 4:47 | Acolyte |
| 4:47 | Acolyte |
| 4:47 | Acolyte |
| 4:47 | Acolyte |
| 4:49 | Carrion Swarm |
| 5:06 | Ghoul |
| 5:14 | Ziggurat |
| 5:29 | Graveyard |
| 6:02 | Halls of the Dead |
| 6:06 | Nerubian Tower |
| 6:35 | Sleep |
| 6:45 | Ziggurat |
| 6:46 | Ziggurat |
| 6:47 | Ziggurat |
| 6:48 | Ziggurat |
| 6:49 | Ziggurat |
| 6:58 | Lesser Clarity Potion |
| 7:00 | Potion of Healing |
| 7:01 | Scroll of Speed |
| 7:11 | Creature Attack |
| 7:12 | Creature Carapace |
| 7:18 | Ghoul |
| 7:18 | Ghoul |
| 7:47 | Ghoul |
| 7:54 | Scroll of Healing |
| 8:24 | Black Citadel |
| 8:26 | Sacrificial Pit |
| 8:29 | Improved Creature Attack |
| 8:35 | Lesser Clarity Potion |
| 9:15 | Runed Bracers |
| 9:41 | Improved Creature Carapace |
| 10:51 | Boneyard |
| 10:52 | Boneyard |
| 10:53 | Boneyard |
| 10:54 | Boneyard |
| 10:55 | Boneyard |
| 10:59 | Advanced Creature Attack |
| 11:08 | Robe of the Magi +6 |
| 11:28 | Ghoul Frenzy |
| 12:02 | Carrion Swarm |
| 12:27 | Frost Wyrm |
| 12:56 | Advanced Creature Carapace |
| 13:19 | Potion of Mana |
| 13:23 | Orb of Corruption |
| 13:28 | Frost Wyrm |
| 13:56 | Frost Wyrm |
| 14:10 | Frost Wyrm |
| 14:47 | Frost Wyrm |
| 18:06 | Sleep |
| 18:31 | Inferno |
| 20:52 | Carrion Swarm |
| Right click | 483 |
| Select group | 347 |
| Chat | 254 |
| Select | 188 |
| Misc. action | 82 |
| Build/train/purchase | 70 |
| Use ability | 36 |
| Assign group | 25 |
| Item give/drop | 7 |
| Minimap ping | 1 |

| Orb of Corruption | 1 | 375 |
| Gauntlets of Ogre Strength +3 | 1 | 100 |
| Claws of Attack +6 | 1 | 125 |
| Belt of Giant Strength +6 | 1 | 400 |
| total: | 4 | 1000g |
| Acolyte | 7 | 525 | / | 0 |
| Ghoul | 6 | 720 | / | 0 |
| Crypt Fiend | 11 | 2365 | / | 440 |
| Frost Wyrm | 6 | 2310 | / | 720 |
| total: | 30 | 5920g | / | 1160w |
| Altar of Darkness | 1 | 180 | / | 50 |
| Crypt | 2 | 400 | / | 100 |
| Ziggurat | 7 | 1050 | / | 350 |
| Graveyard | 2 | 430 | / | 0 |
| Necropolis | 1 | 225 | / | 0 |
| Tomb of Relics | 1 | 130 | / | 30 |
| Sacrificial Pit | 1 | 75 | / | 150 |
| Boneyard | 3 | 525 | / | 600 |
| Halls of the Dead | 1 | 320 | / | 210 |
| Black Citadel | 1 | 325 | / | 230 |
| total: | 18 | 3015g | / | 1280w |
| 0:10 | Altar of Darkness |
| 0:13 | Crypt |
| 0:15 | Ziggurat |
| 0:31 | Acolyte |
| 0:48 | Acolyte |
| 1:17 | Ghoul |
| 1:18 | Ghoul |
| 1:25 | Ghoul |
| 1:47 | Graveyard |
| 1:51 | Graveyard |
| 2:03 | Ziggurat |
| 2:15 | Death Pact |
| 3:28 | Crypt Fiend |
| 3:28 | Crypt Fiend |
| 3:28 | Crypt Fiend |
| 4:02 | Creature Attack |
| 4:24 | Halls of the Dead |
| 5:04 | Crypt Fiend |
| 5:09 | Ziggurat |
| 5:09 | Ziggurat |
| 5:25 | Crypt |
| 6:20 | Unholy Aura |
| 6:45 | Acolyte |
| 6:47 | Improved Creature Attack |
| 6:55 | Crypt Fiend |
| 6:55 | Crypt Fiend |
| 6:55 | Crypt Fiend |
| 6:59 | Crypt Fiend |
| 7:13 | Web |
| 7:36 | Necropolis |
| 8:07 | Black Citadel |
| 8:31 | Unholy Aura |
| 9:04 | Creature Carapace |
| 9:58 | Gauntlets of Ogre Strength +3 |
| 10:15 | Improved Creature Carapace |
| 10:33 | Tomb of Relics |
| 10:45 | Death Pact |
| 10:50 | Claws of Attack +6 |
| 10:59 | Belt of Giant Strength +6 |
| 11:32 | Acolyte |
| 11:32 | Acolyte |
| 11:32 | Acolyte |
| 11:33 | Acolyte |
| 11:48 | Sacrificial Pit |
| 11:57 | Advanced Creature Attack |
| 11:57 | Advanced Creature Carapace |
| 12:43 | Boneyard |
| 12:43 | Boneyard |
| 13:03 | Crypt Fiend |
| 13:03 | Crypt Fiend |
| 13:03 | Crypt Fiend |
| 13:46 | Boneyard |
| 14:02 | Ghoul |
| 14:02 | Ghoul |
| 14:02 | Ghoul |
| 14:40 | Freezing Breath |
| 15:06 | Ghoul Frenzy |
| 15:38 | Orb of Corruption |
| 15:43 | Frost Wyrm |
| 15:43 | Frost Wyrm |
| 16:28 | Frost Wyrm |
| 16:28 | Frost Wyrm |
| 16:59 | Ziggurat |
| 16:59 | Ziggurat |
| 17:00 | Ziggurat |
| 18:45 | Frost Wyrm |
| 18:45 | Frost Wyrm |
| 18:49 | Unholy Aura |
| Right click | 403 |
| Chat | 227 |
| Select | 205 |
| Build/train/purchase | 51 |
| Select group | 23 |
| Assign group | 11 |
| Misc. action | 6 |
| Item give/drop | 5 |
| Remove unit | 5 |
| Use ability | 4 |
141 units @ 20.4k
/ 2.5k
72 buildings @ 9.4k
/ 2.9k

| Peasant | 8 | 600 | / | 0 |
| Footman | 13 | 1755 | / | 0 |
| Rifleman | 22 | 4510 | / | 660 |
| total: | 43 | 6865g | / | 660w |
| Lumber Mill | 2 | 240 | / | 0 |
| Altar of Kings | 1 | 180 | / | 50 |
| Farm | 15 | 1200 | / | 300 |
| Barracks | 2 | 320 | / | 120 |
| Blacksmith | 1 | 140 | / | 60 |
| Town Hall | 1 | 385 | / | 205 |
| Keep | 1 | 320 | / | 210 |
| total: | 22 | 2465g | / | 735w |
| 0:06 | Peasant |
| 0:10 | Peasant |
| 0:10 | Peasant |
| 0:11 | Peasant |
| 0:11 | Peasant |
| 0:12 | Peasant |
| 0:47 | Lumber Mill |
| 0:55 | Altar of Kings |
| 1:44 | Farm |
| 1:56 | Barracks |
| 2:27 | Farm |
| 2:39 | Footman |
| 2:55 | Footman |
| 3:06 | Farm |
| 3:20 | Lumber Mill |
| 3:25 | Footman |
| 3:38 | Footman |
| 3:50 | Farm |
| 4:04 | Keep |
| 4:15 | Barracks |
| 4:22 | Footman |
| 4:24 | Footman |
| 4:29 | Farm |
| 4:33 | Summon Water Elemental |
| 4:56 | Footman |
| 5:48 | Footman |
| 5:50 | Footman |
| 6:44 | Footman |
| 6:52 | Farm |
| 7:15 | Peasant |
| 8:02 | Blacksmith |
| 8:29 | Farm |
| 8:30 | Farm |
| 8:32 | Farm |
| 8:47 | Footman |
| 8:49 | Footman |
| 8:59 | Peasant |
| 9:11 | Footman |
| 9:13 | Rifleman |
| 9:16 | Rifleman |
| 9:19 | Rifleman |
| 9:19 | Rifleman |
| 9:20 | Long Rifles |
| 9:44 | Town Hall |
| 9:57 | Black Gunpowder |
| 9:58 | Studded Leather Armor |
| 10:14 | Farm |
| 10:29 | Rifleman |
| 10:33 | Rifleman |
| 11:00 | Farm |
| 11:02 | Farm |
| 11:07 | Rifleman |
| 11:08 | Rifleman |
| 11:10 | Rifleman |
| 11:10 | Rifleman |
| 13:43 | Rifleman |
| 13:43 | Rifleman |
| 13:44 | Rifleman |
| 13:45 | Rifleman |
| 14:02 | Farm |
| 14:03 | Farm |
| 14:04 | Farm |
| 14:32 | Rifleman |
| 14:34 | Rifleman |
| 14:52 | Rifleman |
| 14:55 | Rifleman |
| 16:51 | Rifleman |
| 16:52 | Rifleman |
| 16:53 | Rifleman |
| 16:53 | Rifleman |
| 16:59 | Refined Gunpowder |
| 17:00 | Reinforced Leather Armor |
| 17:52 | Brilliance Aura |
| Right click | 268 |
| Select | 145 |
| Build/train/purchase | 55 |
| Chat | 32 |
| Misc. action | 17 |
| Use ability | 3 |
| Remove unit | 2 |

| Mechanical Critter | 163 | 8150 |
| Staff of Teleportation | 1 | 150 |
| Staff of Silence | 1 | 600 |
| total: | 165 | 8900g |
| Peasant | 9 | 675 | / | 0 |
| total: | 9 | 675g | / | 0w |
| Altar of Kings | 1 | 180 | / | 50 |
| Farm | 2 | 160 | / | 40 |
| Arcane Vault | 15 | 1950 | / | 450 |
| total: | 18 | 2290g | / | 540w |
| 0:03 | Peasant |
| 0:03 | Peasant |
| 0:14 | Altar of Kings |
| 0:20 | Farm |
| 0:22 | Peasant |
| 0:38 | Peasant |
| 0:40 | Farm |
| 0:47 | Arcane Vault |
| 0:57 | Peasant |
| 1:04 | Arcane Vault |
| 1:08 | Peasant |
| 1:33 | Peasant |
| 1:35 | Peasant |
| 1:40 | Arcane Vault |
| 1:49 | Arcane Vault |
| 1:51 | Arcane Vault |
| 1:53 | Peasant |
| 2:19 | Banish |
| 2:21 | Mechanical Critter |
| 2:21 | Mechanical Critter |
| 2:47 | Arcane Vault |
| 2:47 | Mechanical Critter |
| 2:47 | Mechanical Critter |
| 3:18 | Arcane Vault |
| 3:24 | Arcane Vault |
| 3:26 | Arcane Vault |
| 3:39 | Mechanical Critter |
| 3:39 | Mechanical Critter |
| 3:40 | Mechanical Critter |
| 3:50 | Mechanical Critter |
| 3:50 | Mechanical Critter |
| 4:13 | Mechanical Critter |
| 4:23 | Arcane Vault |
| 4:27 | Arcane Vault |
| 4:38 | Mechanical Critter |
| 4:40 | Mechanical Critter |
| 4:42 | Mechanical Critter |
| 4:42 | Mechanical Critter |
| 5:00 | Mechanical Critter |
| 5:00 | Mechanical Critter |
| 5:04 | Mechanical Critter |
| 5:05 | Mechanical Critter |
| 5:05 | Mechanical Critter |
| 5:06 | Mechanical Critter |
| 5:28 | Arcane Vault |
| 5:30 | Arcane Vault |
| 5:42 | Mechanical Critter |
| 5:42 | Mechanical Critter |
| 5:42 | Mechanical Critter |
| 5:43 | Mechanical Critter |
| 5:45 | Mechanical Critter |
| 5:47 | Mechanical Critter |
| 5:48 | Mechanical Critter |
| 6:03 | Mechanical Critter |
| 6:04 | Mechanical Critter |
| 6:12 | Mechanical Critter |
| 6:12 | Mechanical Critter |
| 6:14 | Mechanical Critter |
| 6:14 | Mechanical Critter |
| 6:57 | Mechanical Critter |
| 6:58 | Mechanical Critter |
| 6:58 | Mechanical Critter |
| 6:58 | Mechanical Critter |
| 7:02 | Arcane Vault |
| 7:03 | Mechanical Critter |
| 7:03 | Mechanical Critter |
| 7:06 | Mechanical Critter |
| 7:07 | Mechanical Critter |
| 7:07 | Mechanical Critter |
| 7:08 | Mechanical Critter |
| 7:09 | Mechanical Critter |
| 7:40 | Arcane Vault |
| 7:42 | Mechanical Critter |
| 7:55 | Mechanical Critter |
| 8:00 | Mechanical Critter |
| 8:01 | Mechanical Critter |
| 8:01 | Mechanical Critter |
| 8:02 | Mechanical Critter |
| 8:24 | Mechanical Critter |
| 8:24 | Mechanical Critter |
| 8:25 | Mechanical Critter |
| 8:30 | Mechanical Critter |
| 8:30 | Mechanical Critter |
| 8:49 | Mechanical Critter |
| 8:50 | Mechanical Critter |
| 8:50 | Mechanical Critter |
| 8:51 | Mechanical Critter |
| 8:53 | Mechanical Critter |
| 8:53 | Mechanical Critter |
| 9:03 | Mechanical Critter |
| 9:04 | Mechanical Critter |
| 9:05 | Mechanical Critter |
| 9:08 | Mechanical Critter |
| 9:29 | Mechanical Critter |
| 9:29 | Mechanical Critter |
| 9:30 | Mechanical Critter |
| 9:32 | Mechanical Critter |
| 9:54 | Mechanical Critter |
| 9:55 | Mechanical Critter |
| 9:55 | Mechanical Critter |
| 10:30 | Mechanical Critter |
| 10:30 | Mechanical Critter |
| 10:33 | Mechanical Critter |
| 10:36 | Mechanical Critter |
| 10:38 | Mechanical Critter |
| 10:38 | Mechanical Critter |
| 10:58 | Mechanical Critter |
| 10:58 | Mechanical Critter |
| 10:58 | Mechanical Critter |
| 10:59 | Mechanical Critter |
| 11:00 | Mechanical Critter |
| 11:00 | Mechanical Critter |
| 11:33 | Mechanical Critter |
| 11:33 | Mechanical Critter |
| 11:34 | Mechanical Critter |
| 11:36 | Mechanical Critter |
| 11:38 | Mechanical Critter |
| 11:39 | Mechanical Critter |
| 12:07 | Mechanical Critter |
| 12:36 | Mechanical Critter |
| 12:36 | Mechanical Critter |
| 12:36 | Mechanical Critter |
| 12:36 | Mechanical Critter |
| 12:37 | Mechanical Critter |
| 13:09 | Mechanical Critter |
| 13:10 | Mechanical Critter |
| 13:11 | Mechanical Critter |
| 13:12 | Mechanical Critter |
| 13:12 | Mechanical Critter |
| 13:13 | Mechanical Critter |
| 13:32 | Mechanical Critter |
| 13:32 | Mechanical Critter |
| 13:33 | Mechanical Critter |
| 13:33 | Mechanical Critter |
| 13:33 | Mechanical Critter |
| 13:34 | Mechanical Critter |
| 14:01 | Mechanical Critter |
| 14:01 | Mechanical Critter |
| 14:01 | Mechanical Critter |
| 14:02 | Mechanical Critter |
| 14:03 | Mechanical Critter |
| 14:03 | Mechanical Critter |
| 14:06 | Mechanical Critter |
| 14:16 | Mechanical Critter |
| 14:16 | Mechanical Critter |
| 14:18 | Mechanical Critter |
| 14:21 | Mechanical Critter |
| 14:21 | Mechanical Critter |
| 14:39 | Mechanical Critter |
| 14:49 | Mechanical Critter |
| 14:51 | Mechanical Critter |
| 14:51 | Mechanical Critter |
| 14:53 | Mechanical Critter |
| 15:14 | Mechanical Critter |
| 15:15 | Mechanical Critter |
| 15:17 | Mechanical Critter |
| 15:17 | Mechanical Critter |
| 15:19 | Mechanical Critter |
| 15:20 | Mechanical Critter |
| 15:21 | Mechanical Critter |
| 15:43 | Mechanical Critter |
| 15:43 | Mechanical Critter |
| 15:43 | Mechanical Critter |
| 15:44 | Mechanical Critter |
| 15:44 | Mechanical Critter |
| 15:45 | Mechanical Critter |
| 16:05 | Mechanical Critter |
| 16:05 | Mechanical Critter |
| 16:52 | Staff of Teleportation |
| 17:24 | Mechanical Critter |
| 17:25 | Mechanical Critter |
| 17:25 | Mechanical Critter |
| 17:26 | Mechanical Critter |
| 17:34 | Mechanical Critter |
| 17:34 | Mechanical Critter |
| 17:35 | Mechanical Critter |
| 17:35 | Mechanical Critter |
| 17:37 | Mechanical Critter |
| 18:46 | Mechanical Critter |
| 18:47 | Mechanical Critter |
| 18:47 | Mechanical Critter |
| 18:47 | Mechanical Critter |
| 18:55 | Mechanical Critter |
| 18:55 | Mechanical Critter |
| 18:56 | Mechanical Critter |
| 18:56 | Mechanical Critter |
| 18:56 | Mechanical Critter |
| 19:11 | Mechanical Critter |
| 19:12 | Mechanical Critter |
| 19:12 | Mechanical Critter |
| 19:13 | Mechanical Critter |
| 19:13 | Mechanical Critter |
| 20:22 | Siphon Mana |
| 21:04 | Staff of Silence |
| Right click | 1538 |
| Select | 699 |
| Build/train/purchase | 552 |
| Chat | 493 |
| Use ability | 12 |
| Select group | 3 |
| Assign group | 2 |
| Item give/drop | 2 |

| Peasant | 12 | 900 | / | 0 |
| Footman | 11 | 1485 | / | 0 |
| Knight | 12 | 2940 | / | 720 |
| total: | 35 | 5325g | / | 720w |
| Altar of Kings | 1 | 180 | / | 50 |
| Barracks | 2 | 320 | / | 120 |
| Farm | 12 | 960 | / | 240 |
| Blacksmith | 1 | 140 | / | 60 |
| Lumber Mill | 1 | 120 | / | 0 |
| Town Hall | 1 | 385 | / | 205 |
| Keep | 1 | 320 | / | 210 |
| Castle | 1 | 360 | / | 210 |
| total: | 18 | 2105g | / | 675w |
| 0:10 | Altar of Kings |
| 0:17 | Barracks |
| 0:21 | Peasant |
| 0:21 | Peasant |
| 0:34 | Peasant |
| 0:39 | Farm |
| 1:21 | Farm |
| 1:26 | Peasant |
| 1:26 | Peasant |
| 1:27 | Peasant |
| 1:28 | Peasant |
| 1:48 | Footman |
| 1:51 | Peasant |
| 2:01 | Peasant |
| 2:13 | Farm |
| 2:27 | Black Arrow |
| 2:38 | Footman |
| 2:38 | Footman |
| 2:41 | Footman |
| 2:51 | Peasant |
| 2:55 | Farm |
| 3:09 | Footman |
| 3:59 | Keep |
| 4:03 | Barracks |
| 4:05 | Footman |
| 4:05 | Footman |
| 4:38 | Blacksmith |
| 4:42 | Farm |
| 5:25 | Life Drain |
| 5:41 | Farm |
| 6:03 | Iron Forged Swords |
| 6:03 | Iron Plating |
| 6:10 | Farm |
| 6:20 | Castle |
| 6:40 | Lumber Mill |
| 7:01 | Footman |
| 7:01 | Footman |
| 7:21 | Town Hall |
| 8:02 | Footman |
| 8:23 | Improved Lumber Harvesting |
| 8:32 | Footman |
| 8:46 | Animal War Training |
| 8:48 | Sundering Blades |
| 8:51 | Knight |
| 9:17 | Knight |
| 9:35 | Peasant |
| 9:35 | Peasant |
| 9:54 | Knight |
| 10:02 | Knight |
| 10:17 | Farm |
| 10:39 | Knight |
| 10:44 | Knight |
| 11:02 | Farm |
| 11:44 | Knight |
| 11:45 | Knight |
| 11:47 | Steel Forged Swords |
| 11:50 | Steel Plating |
| 12:24 | Black Arrow |
| 14:04 | Knight |
| 14:05 | Knight |
| 14:05 | Knight |
| 14:26 | Farm |
| 15:22 | Farm |
| 16:33 | Knight |
| 17:16 | Farm |
| 17:38 | Mithril Forged Swords |
| 17:38 | Mithril Plating |
| Select | 214 |
| Chat | 194 |
| Right click | 148 |
| Build/train/purchase | 54 |
| Resource trade | 24 |
| Misc. action | 3 |
| Use ability | 3 |
| Remove unit | 3 |


| Scroll of Town Portal | 2 | 700 |
| total: | 2 | 700g |
| Wisp | 17 | 1020 | / | 0 |
| Archer | 9 | 1170 | / | 90 |
| Huntress | 9 | 1755 | / | 180 |
| Dryad | 4 | 580 | / | 240 |
| Druid of the Claw | 3 | 765 | / | 240 |
| Hippogryph | 5 | 800 | / | 100 |
| Mountain Giant | 2 | 700 | / | 200 |
| Druid of the Talon | 3 | 435 | / | 60 |
| Faerie Dragon | 2 | 310 | / | 50 |
| total: | 54 | 7535g | / | 1160w |
| Altar of Elders | 1 | 180 | / | 50 |
| Ancient of War | 1 | 150 | / | 60 |
| Moon Well | 7 | 1260 | / | 280 |
| Ancient of Wonders | 1 | 90 | / | 30 |
| Hunter's Hall | 1 | 210 | / | 100 |
| Tree of Life | 1 | 340 | / | 185 |
| Ancient of Lore | 1 | 155 | / | 145 |
| Ancient of Wind | 1 | 150 | / | 140 |
| Tree of Ages | 2 | 640 | / | 360 |
| Tree of Eternity | 1 | 330 | / | 200 |
| total: | 14 | 2535g | / | 990w |
| 0:06 | Wisp |
| 0:06 | Wisp |
| 0:07 | Wisp |
| 0:28 | Altar of Elders |
| 0:33 | Ancient of War |
| 0:39 | Moon Well |
| 0:41 | Wisp |
| 0:41 | Wisp |
| 0:59 | Wisp |
| 1:38 | Archer |
| 1:38 | Archer |
| 1:38 | Archer |
| 1:53 | Moon Well |
| 2:23 | Ancient of Wonders |
| 2:28 | Wisp |
| 2:28 | Wisp |
| 2:44 | Moon Well |
| 3:01 | Searing Arrows |
| 3:44 | Hunter's Hall |
| 3:50 | Archer |
| 3:50 | Archer |
| 4:09 | Moon Well |
| 4:28 | Wisp |
| 4:42 | Tree of Ages |
| 4:49 | Huntress |
| 4:54 | Huntress |
| 5:34 | Trueshot Aura |
| 6:16 | Strength of the Moon |
| 6:16 | Strength of the Wild |
| 6:17 | Ultravision |
| 6:17 | Moon Armor |
| 6:20 | Reinforced Hides |
| 7:16 | Archer |
| 7:16 | Huntress |
| 7:43 | Tree of Life |
| 8:18 | Moon Glaive |
| 8:37 | Improved Bows |
| 8:39 | Force of Nature |
| 9:17 | Wisp |
| 9:17 | Wisp |
| 9:20 | Wisp |
| 9:37 | Moon Well |
| 9:43 | Ancient of Lore |
| 10:00 | Wisp |
| 10:00 | Wisp |
| 10:00 | Wisp |
| 10:01 | Wisp |
| 10:01 | Wisp |
| 10:37 | Ancient of Wind |
| 11:04 | Abolish Magic |
| 11:04 | Druid of the Claw Adept Training |
| 11:19 | Sentinel |
| 11:25 | Dryad |
| 11:25 | Dryad |
| 11:46 | Druid of the Claw |
| 12:50 | Searing Arrows |
| 13:43 | Tree of Eternity |
| 13:57 | Thorns Aura |
| 14:32 | Hippogryph |
| 14:32 | Hippogryph |
| 14:32 | Hippogryph |
| 14:32 | Hippogryph |
| 14:33 | Hippogryph |
| 14:34 | Druid of the Talon Adept Training |
| 14:39 | Huntress |
| 14:39 | Huntress |
| 14:39 | Huntress |
| 15:14 | Nature's Blessing |
| 15:17 | Backpack |
| 15:28 | Scroll of Town Portal |
| 15:28 | Scroll of Town Portal |
| 16:44 | Druid of the Claw Master Training |
| 16:45 | Resistant Skin |
| 16:45 | Hardened Skin |
| 16:47 | Marksmanship |
| 17:29 | Mark of the Claw |
| 19:14 | Huntress |
| 19:14 | Huntress |
| 19:14 | Huntress |
| 19:15 | Archer |
| 19:15 | Archer |
| 19:15 | Archer |
| 19:18 | Mountain Giant |
| 19:18 | Mountain Giant |
| 19:19 | Druid of the Claw |
| 19:19 | Druid of the Claw |
| 19:20 | Dryad |
| 19:20 | Dryad |
| 19:22 | Druid of the Talon |
| 19:22 | Druid of the Talon |
| 19:22 | Druid of the Talon |
| 19:22 | Faerie Dragon |
| 19:23 | Faerie Dragon |
| 19:24 | Druid of the Talon Master Training |
| 19:28 | Moon Well |
| 19:32 | Moon Well |
| Right click | 524 |
| Select | 227 |
| Select group | 222 |
| Chat | 111 |
| Build/train/purchase | 92 |
| Assign group | 18 |
| Misc. action | 12 |
| Use ability | 9 |
| Resource trade | 6 |